 Dungeon Crawl Stone Soup version 0.29.0-13-gc9e81de378 (webtiles) character file.

Game seed: 6488020065224728286

453 Arum the Trooper (level 7, 0/59 HPs)
             Began as a Formicid Fighter on Sept 10, 2022.
             Slain by a mummy (10 damage)
             ... in an ossuary.
             The game lasted 00:03:46 (2880 turns).

Arum the Trooper (Formicid Fighter)                 Turns: 2880, Time: 00:03:47

Health: 0/59       AC: 10    Str: 23    XL:     7   Next: 26%
Magic:  7/7        EV:  9    Int: 13    God:
Gold:   260        SH:  5    Dex: 13    Spells: 6/6 levels left

rFire   . . .      SeeInvis +   a - +0 flail
rCold   . . .      Faith    .   c - +0 buckler
rNeg    . . .      Spirit   .   b - +0 scale mail
rPois   .          Reflect  .   (helmet unavailable)
rElec   .          Harm     .   j - scarf {repulsion}
rCorr   .          Rampage  .   (no gloves)
Will    .....                   (no boots)
Stlth   ..........              (no amulet)
HPRegen 0.19/turn               f - +4 ring of protection
MPRegen 0.10/turn               g - +6 ring of intelligence

@: repel missiles
A: permanent stasis, dig shafts and tunnels, antennae 3, four strong arms
a: Dig


You were in an ossuary.
You visited 1 branch of the dungeon, and saw 4 of its levels.
You also visited: Ossuary.

You collected 260 gold pieces.

Inventory:

Hand Weapons
 a - a +0 flail (weapon)
Armour
 b - a +0 scale mail (worn)
 c - a +0 buckler (worn)
 j - a scarf of repulsion (worn)
Jewellery
 f - a +4 ring of protection (left hand)
 g - a +6 ring of intelligence (right hand)
 i - an amulet of magic regeneration
 o - a ring of ice
Scrolls
 e - a scroll of magic mapping {unknown}
 l - a scroll of immolation {unknown}
Potions
 h - 2 potions of flight
 k - a potion of resistance
 m - 4 potions of curing
 p - a potion of lignification


   Skills:
 + Level 6.4 Fighting
 + Level 5.3 Maces & Flails
 - Level 3.2 Armour
 - Level 4.0 Shields


You had 6 spell levels left.
You didn't know any spells.
Your spell library contained the following spells:

 Spells                   Type           Power      Damage    Failure   Level
 Ozocubu's Armour         Ice            0%         N/A       96%         3
 Ozocubu's Refrigeration  Ice            0%         4d7       100%        7


Dungeon Overview and Level Annotations

Branches:
Dungeon (4/15)            Ossuary (1/1)
 Temple: D:4-7

Altars:
Xom


Innate Abilities, Weirdness & Mutations

You cannot be hasted, slowed, berserked, paralysed or teleported.
You can dig through walls and to a lower floor.
You have a pair of large antennae on your head. (SInv)
Your four strong arms can wield two-handed weapons with a shield.


Message History

No target in view!
A mummy comes into view.
A mummy comes into view.
The mummy hits you.
You sock the mummy!
The mummy is severely damaged.
You thump the mummy!
You destroy the mummy!
You hit the mummy.
The mummy is moderately damaged.
The mummy hits you!
You are too injured to fight recklessly!
You are too injured to fight recklessly!
You are too injured to fight recklessly!
You bludgeon the mummy!!
You destroy the mummy!
You feel a little less mighty now.
A mummy comes into view.
A mummy comes into view.
You barely miss the mummy. The mummy hits you but does no damage.
You barely miss the mummy. The mummy hits you!
* * * LOW HITPOINT WARNING * * *
You hit the mummy.
The mummy is lightly damaged.
The mummy hits you!
* * * LOW HITPOINT WARNING * * *
You sock the mummy!
The mummy is severely damaged.
You hit the mummy but do no damage.
The mummy is severely damaged.
The mummy hits you.
* * * LOW HITPOINT WARNING * * *
You thump the mummy!
You destroy the mummy!
You hit the mummy.
The mummy is lightly damaged.
You hit the mummy.
The mummy is lightly damaged.
The mummy hits you!
You die...

###############
......M@......##
.....####......##
.... ##..##......#
....##....##.....#
.................#
................##
.............##
#........##+#
#......##


You could see a mummy.

Vanquished Creatures
  A black bear (D:4)
  A phantom (D:4)
  A howler monkey (D:3)
  A hound (D:4)
  A jelly (D:4)
  7 mummies (Ossuary)
  2 adders
  A worm (D:3)
  A dart slug (D:3)
  3 orcs (D:3)
  10 endoplasms
  4 giant cockroaches
  2 gnoll zombies (Ossuary)
  7 goblins
  6 hobgoblins
  3 jackals (D:3)
  4 quokkas
  6 ball pythons
  5 bats
  2 frilled lizards (D:2)
  A hobgoblin zombie (Ossuary)
  6 kobolds
  2 kobold zombies (Ossuary)
  3 orc zombies (Ossuary)
  5 rats
85 creatures vanquished.

Notes
Turn   | Place    | Note
-------+----------+-------------------------------------------
     0 | D:1      | Arum the Formicid Fighter began the quest for the Orb.
     0 | D:1      | Reached XP level 1. HP: 18/18 MP: 1/1
    76 | D:1      | Reached XP level 2. HP: 24/24 MP: 2/2
   222 | D:1      | Found a faded altar of an unknown god.
   543 | D:1      | Reached XP level 3. HP: 30/30 MP: 3/3
   736 | D:2      | Reached skill level 4 in Fighting
  1270 | D:2      | Reached XP level 4. HP: 32/37 MP: 4/4
  1748 | D:3      | Reached XP level 5. HP: 39/43 MP: 5/5
  1783 | D:3      | Found a shimmering altar of Xom.
  2555 | D:4      | Noticed a phantom
  2563 | D:4      | Killed a phantom
  2564 | D:4      | Reached skill level 5 in Fighting
  2564 | D:4      | Reached XP level 6. HP: 49/51 MP: 6/6
  2650 | D:4      | Noticed a black bear
  2665 | D:4      | Killed a black bear
  2729 | D:4      | Reached skill level 6 in Fighting
  2729 | D:4      | Reached skill level 5 in Maces & Flails
  2772 | D:4      | Found a sand-covered staircase.
  2777 | Ossuary  | Entered an ossuary
  2833 | Ossuary  | Reached XP level 7. HP: 50/58 MP: 7/7
  2880 | Ossuary  | Slain by a mummy

Illustrated notes

Levels and vault maps discovered:
D:1:      lightli_arrival_quake, layout_rooms, serial_corexii_hall,
          corexii_hall_statues_t, corexii_hall_statues_u,
          chequers_ecumenical_altar_simple, kennysheep_decorative_pillar,
          corexii_item_surrounded_by_moat
D:2:      layout_loops_cross, grunt_decor_arrowhead
D:3:      layout_basic, amcnicky_altar_gilded
D:4:      layout_loops_corners, okawaru_altar_gauntlet_db,
          mainiacjoe_overflow_big_doors, enter_ossuary_2, serial_shops,
          nicolae_shop_statue_plus, nicolae_shop_waterfront
Ossuary:  ossuary_tomb_3

Skill      XL: |  1  2  3  4  5  6 |
---------------+-------------------+-----
Fighting       | 4 5 6 |  6.4
Maces & Flails | 3 4 5 |  5.3
Armour         | |  3.2
Shields        | |  4.0

Action                   |  1- 3 |  4- 6 |  7- 9 || total
-------------------------+-------+-------+-------++-------
Melee: Flail             |   105 |   125 |    28 ||   258
  Use: Scroll            |     1 |     7 |       ||     8
       Potion            |       |     1 |       ||     1
Armor: Scale mail        |    53 |    60 |     7 ||   120
Dodge: Dodged            |    51 |    51 |     9 ||   111
Block: Buckler           |    27 |    20 |     1 ||    48
